 Dungeon Crawl Stone Soup version 0.17.1-3-g152610e (webtiles) character file.

184 warlockg3 the Grave Robber (level 5, -7/28 HPs)
             Began as a Deep Elf Necromancer on Apr 2, 2016.
             Killed by divine providence
             ... invoked by an orc priest
              (14 damage)
             ... on level 4 of the Dungeon.
             The game lasted 00:29:30 (3373 turns).

warlockg3 the Grave Robber (Deep Elf Necromancer)   Turns: 3373, Time: 00:29:30

Health: -7/28      AC:  4    Str:  5    XL:     5   Next: 36%
Magic:  2/14       EV: 13    Int: 21    God:
Gold:   174        SH:  0    Dex: 15    Spells: 4 memorised, 5 levels left

rFire  . . .     SeeInvis .     h - +3 short sword (distort)
rCold  . . .     Clarity  .     a - +0 robe
rNeg   . . .     SustAt   .     (no shield)
rPois  +         Gourm    .     (no helmet)
rElec  .         Spirit   .     i - +0 cloak
rCorr  .         Warding  .     (no gloves)
rMut   .         Stasis   +     m - +0 pair of boots
MR     .....                    s - amulet of stasis
Stlth  ++........               (no ring)
                                j - ring of poison resistance

@: not resistant to hostile enchantments, unstealthy
A: no striking features
a: no special abilities


You were on level 4 of the Dungeon.
You were not hungry.

You visited 1 branch of the dungeon, and saw 4 of its levels.

You collected 174 gold pieces.

Inventory:

Hand Weapons
 f - a +0 dagger
 h - a +3 short sword of distortion (weapon)
Armour
 a - a +0 robe (worn)
 c - a +0 robe
 i - a +0 cloak (worn)
 m - a +0 pair of boots (worn)
 p - a cursed +0 buckler
Jewellery
 j - a ring of poison resistance (left hand)
 s - an amulet of stasis (around neck)
Scrolls
 e - 4 scrolls of identify
 g - 3 scrolls of random uselessness
 l - 2 scrolls of remove curse
 q - a scroll of enchant weapon
Potions
 o - a potion of lignification
 r - a potion of haste
Books
 b - a book of Necromancy

   Spells                             Type                      Level
   a - Pain                           Necromancy                   1
   b - Animate Skeleton               Necromancy                   1
   c - Vampiric Draining              Necromancy                   3
   d - Regeneration                   Charms/Necromancy            3
   e - Animate Dead                   Necromancy                   4
   f - Control Undead                 Necromancy                   4
Comestibles
 k - a meat ration


   Skills:
 + Level 0.5 Fighting
 + Level 0.6 Short Blades
 + Level 3.4 Dodging
 + Level 2.9 Stealth
 + Level 5.1 Spellcasting
 + Level 6.1 Necromancy


You had 5 spell levels left.
You knew the following spells:

 Your Spells              Type           Power        Failure   Level  Hunger
a - Pain                  Necr           ####         1%          1    None
b - Animate Skeleton      Necr           N/A          1%          1    None
c - Vampiric Draining     Necr           ####......   2%          3    ##.....
d - Animate Dead          Necr           N/A          12%         4    ####...


Dungeon Overview and Level Annotations

Branches:
Dungeon (4/15)
 Temple: D:4-7

Altars:

Annotations:
D:3 juanjsm's ghost, amateur SpEn


Message History

The gnoll is severely wounded.
You feel life coursing into your body. The gnoll closely misses you.
The gnoll hits you with a club!
* * * LOW HITPOINT WARNING * * *
Casting: Vampiric Draining
Confirm with . or Enter, or press ? or * to list all spells.
You don't have enough magic to cast that spell.
Casting: Vampiric Draining
Confirm with . or Enter, or press ? or * to list all spells.
Aiming: Pain
Press: ? - help, Shift-Dir - straight line, f/p - gnoll
Aim: a gnoll, wielding a club (purple smoke, severely wounded, chance to defeat MR: 89%)
The gnoll convulses in agony!
You kill the gnoll!
The gnoll misses you. The gnoll hits you but does no damage.
The orc priest calls down the wrath of Beogh upon you.
Something smites you!
Ouch! That really hurt!
You die...

## ##.### ### ...... ..#
.....## #.# ......##
#.##########
.......###.##.......#######
...........§o...@..........
.....#####.§#g###.#.#######
.(...#....§.§§# #.#.#
#......>....### #.#.#
.......#....# #.#.###
...###......# #.#.<.#
#..#..[###### #######
#.....[# .......#


You could see an orc priest and a gnoll.

Vanquished Creatures
  An iguana (D:4)
  An orc priest (D:4)
  A gnoll (D:4)
  2 adders (D:2)
  A worm (D:2)
  5 giant geckos
  11 orcs
  A ball python (D:1)
  6 bats
  3 giant cockroaches
  10 goblins
  7 hobgoblins
  4 jackals (D:3)
  3 quokkas
  9 kobolds
  8 rats
73 creatures vanquished.

Vanquished Creatures (collateral kills)
  5 bats
  A giant newt (D:2)
  A goblin (D:3)
  A kobold (D:1)
  A rat (D:2)
9 creatures vanquished.

Vanquished Creatures (others)
  A quokka (D:4)
1 creature vanquished.

Grand Total: 83 creatures vanquished

Notes
Turn   | Place    | Note
--------------------------------------------------------------
     0 | D:1      | warlockg3 the Deep Elf Necromancer began the quest for the Orb.
     0 | D:1      | Reached XP level 1. HP: 10/10 MP: 6/6
    13 | D:1      | Learned a level 1 spell: Animate Skeleton
   171 | D:1      | Reached skill level 5 in Necromancy
   382 | D:1      | Reached XP level 2. HP: 13/15 MP: 8/8
  1177 | D:2      | Reached XP level 3. HP: 11/19 MP: 2/10
  1903 | D:2      | Reached XP level 4. HP: 11/24 MP: 10/12
  2504 | D:3      | Noticed juanjsm's ghost (amateur SpEn)
  2560 | D:3      | HP: 1/24 [juanjsm's ghost (1)]
  2592 | D:3      | Learned a level 3 spell: Vampiric Draining
  2598 | D:3      | Learned a level 4 spell: Animate Dead
  3305 | D:4      | Reached skill level 6 in Necromancy
  3305 | D:4      | Reached XP level 5. HP: 24/28 MP: 8/14
  3368 | D:4      | Reached skill level 5 in Spellcasting
  3373 | D:4      | Killed from afar by an orc priest

Action                   |  1- 3 |  4- 6 || total
-------------------------+-------+-------++-------
Melee: Short sword       |    48 |    39 ||    87
       Unarmed           |     2 |       ||     2
 Cast: Pain              |    36 |    36 ||    72
       Animate Skeleton  |     9 |     4 ||    13
       Animate Dead      |       |     3 ||     3
       Vampiric Draining |       |     6 ||     6
  Use: Potion            |       |     9 ||     9
       Scroll            |       |     8 ||     8
 Stab: Sleeping          |     5 |       ||     5
  Eat: Bread ration      |     1 |       ||     1
       Meat ration       |       |     1 ||     1
       Chunk             |       |     1 ||     1
